[Event "4NCL 2022-2023"]
[Site "Daventry"]
[Date "2023.02.12"]
[Round "6.38"]
[White "Pedersen, Carsten"]
[Black "Yao, Lan"]
[Result "0-1"]
[ECO "B23"]
[WhiteElo "2088"]
[BlackElo "2279"]
[Annotator "TA"]
[PlyCount "108"]
[EventDate "2022.10.20"]
[EventType "team-tourn"]
[EventCountry "ENG"]
[SourceTitle "playchess.com"]
[Source "ChessBase"]
[SourceQuality "1"]
[TimeControl "40/6000+30:2400+30"]

1. e4 c5 2. Nc3 a6 3. g3 b5 4. Bg2 Bb7 5. Nh3 e6 6. O-O {[%emt 0:00:07] B23: Closed Sicilian: Lines without g3.} b4 7. Na4 {[%emt 0:00:36] outshines the older 7.Ne2.} Nf6 8. Re1 {[%emt 0:02:08] White is slightly better.} e5 9. c3 {[%emt 0:07:05] [#]} Nc6 $146 ({Predecessor:} 9... c4 10. b3 bxc3 11. Nxc3 Bc5 12. bxc4 O-O 13. Rb1 Bc8 14. Na4 Bd4 15. Ng5 d6 {1-0 Indjic,A (2628)-Grachev,B (2621) CRO-chT1A 28th 2019 (6.51)}) 10. d3 Be7 11. Be3 Qa5 12. a3 {[%emt 0:26:04] axb4 is the strong threat.} (12. d4 $5 ) 12... bxc3 13. bxc3 O-O 14. Qc2 Rab8 (14... Rfb8 {is interesting.} 15. Ng5 Ng4 16. Bd2 Qd8) 15. Reb1 Ba8 16. Nb2 Qc7 17. Nc4 d6 18. Qa4 a5 19. Ng5 Rb7 20. Qc2 Rfb8 21. a4 Nd8 22. Na3 h6 23. Nf3 Rxb1+ 24. Rxb1 Rxb1+ 25. Qxb1 d5 26. Nb5 Qb8 27. exd5 Nxd5 28. Bd2 Nb6 29. Qb3 {[%emt 0:01:28] [#]} ({Better is} 29. Na3 $11) 29... c4 $1 $15 30. dxc4 Ne6 31. Be3 Nc5 32. Qa2 Bc6 (32... Be4 $15) 33. Nd2 (33. Qe2 $11 {keeps the balance.}) 33... Bxg2 $17 34. Kxg2 Qb7+ 35. Kg1 Qc6 36. Nb3 Nxb3 ({Much less strong is} 36... Nbxa4 37. Nxc5 Nxc5 38. Qxa5 $11) 37. Qxb3 {[%emt 0:00:03] Now White is beyond hope.} (37. Bxb6 $15 Qxc4 38. Be3) 37... Nxc4 $19 38. Ba7 (38. Bc1 {only move.}) 38... Nd2 39. Qd1 Nf3+ {[%emt 0:00:11][%mdl 64] [#] Deflection} 40. Kf1 Nxh2+ 41. Kg1 Nf3+ 42. Kf1 Ng5 (42... h5 $142 43. Qd3 h4 44. gxh4 e4) 43. Qd3 (43. Be3 $142) 43... Ne6 (43... Qh1+ $19 {and Black stays clearly on top.} 44. Ke2 Qh5+ 45. Kd2 Qg4) 44. f3 (44. Kg1 $17) 44... Ng5 45. Kg2 e4 46. fxe4 Nxe4 ({Avoid the trap} 46... Qe6 $2 47. Bf2) 47. Qf3 Qe6 {[%emt 0:00:00] Threatens to win with ...Qa2+.} 48. Kg1 (48. Nd4 $142 Qa2+ 49. Qe2) 48... Qg6 49. Kh2 Ng5 50. Qe2 Bf8 51. Bb8 Qc6 52. Bc7 $2 (52. Ba7) 52... Qd7 53. Qg2 $2 (53. g4) 53... Qg4 54. Nd4 Qh5+ {[%emt 0:00:00] Weighted Error Value: White=0.46/Black=0.31} 0-1

[Event "4NCL 2022-2023"]
[Site "Daventry"]
[Date "2023.02.12"]
[Round "6.39"]
[White "Stoyanov, Viktor"]
[Black "Serbanescu, Diana-Maria"]
[Result "1-0"]
[ECO "C41"]
[WhiteElo "2243"]
[BlackElo "1978"]
[Annotator "TA"]
[PlyCount "135"]
[EventDate "2022.10.20"]
[EventType "team-tourn"]
[EventCountry "ENG"]
[SourceTitle "playchess.com"]
[Source "ChessBase"]
[SourceQuality "1"]
[TimeControl "40/6000+30:2400+30"]

1. e4 d6 2. d4 Nf6 3. Nc3 e5 4. Nf3 Nbd7 5. Rg1 h6 6. g4 {[%emt 0:01:20] C41: Philidor Defence.} exd4 7. Qxd4 Nc5 {[%emt 0:12:26] [#]} 8. g5 $146 {[%emt 0:23:15] White has an edge.} ({Predecessor:} 8. h3 Bd7 9. Be3 Bc6 10. g5 Ne6 11. Qd3 hxg5 12. Nxg5 Nxg5 13. Rxg5 g6 14. e5 Nh7 15. Rxg6 dxe5 16. Qf5 Qe7 17. Rxc6 bxc6 18. Bg2 Qd6 19. Rd1 {1-0 Euler,G (2351)-Kunin,V (2548) Oberliga Ost-B 0809 2008 (8.1)}) 8... hxg5 9. Bxg5 ({Weaker is} 9. Rxg5 Ne6 10. Qa4+ c6 $19) 9... Ne6 10. Qc4 c6 11. O-O-O {[%emt 0:03:49] Hoping for e5.} Qc7 12. h4 Bd7 13. Qe2 O-O-O 14. e5 Nxg5 15. Nxg5 Re8 $1 16. Nxf7 Rxh4 (16... Bg4 {with more complications.} 17. Qc4 Be6 18. Bh3 Qxf7 19. exf6 gxf6 20. Rge1 d5) 17. Nxd6+ Bxd6 18. Rxd6 Qxd6 19. exd6 Rxe2 20. Bxe2 Ne8 21. f3 Rh6 22. Ne4 Bf5 23. Bd3 Bxe4 24. fxe4 Rxd6 $14 {[%emt 0:01:30][%mdl 4096] Endgame KRB-KRN} 25. e5 Rd5 26. Rg5 Kd8 27. Bg6 Rd7 28. Bf5 Re7 29. Bg4 Kc7 (29... Nc7 $11 {keeps the balance.}) 30. Kd2 $16 Kd8 31. Kd3 g6 32. Kd4 ({Much less strong is} 32. Rxg6 Rxe5 33. c4 Ke7 $14) 32... Rg7 33. Ke4 Ke7 34. Bc8 Kd8 35. Be6 Ke7 36. Bb3 Nc7 37. a4 Ne6 38. Bxe6 Kxe6 $11 {[%emt 0:00:00] KR-KR} 39. b4 Rg8 40. c4 Rg7 41. c5 Rg8 42. b5 Kf7 43. Rg3 {[%emt 0:00:00] Threatens to win with Rd3.} Rh8 44. Rf3+ Ke7 45. bxc6 bxc6 46. Rf6 Rh4+ 47. Ke3 Rxa4 48. Rxc6 g5 49. Rg6 g4 50. c6 Rc4 51. Kd3 Rc1 52. Kd4 g3 53. Kd5 {[%emt 0:00:00] And now Rg7+ would win.} Rd1+ 54. Ke4 Rc1 55. Kf4 (55. Rxg3 {simplifies} Rxc6 56. Kf5 Kf7 57. Ra3) 55... g2 {[%emt 0:01:10][%mdl 64] Deflection} 56. Rxg2 Rxc6 57. Kf5 Kf7 58. Rh2 Kg7 59. Rd2 Rc7 60. Ke6 {[%emt 0:00:00] White wants to mate with Rd7+.} a5 $1 61. Kd6 Ra7 62. e6 {[%emt 0:00:00][%cal Be5e6,Be6e7][%mdl 32] White threatens e7 and mate.} a4 $2 {[%emt 0:01:00][%mdl 8192] [#]} (62... Ra6+ $11 63. Ke7 Ra7+ 64. Kd6 Ra6+ 65. Ke7 Ra7+ 66. Kd8 Kf6) 63. e7 $1 {[%emt 0:00:00] White mates.} Ra6+ 64. Kd7 Ra7+ 65. Ke6 Ra6+ {[%emt 0:02:25] [#]} 66. Rd6 $1 Ra8 67. Rd8 Ra6+ 68. Kd5 {[%emt 0:00:00] Weighted Error Value: White=0.05 (flawless) /Black=0.05 (flawless)} 1-0

[Event "4NCL 2022-2023"]
[Site "Daventry"]
[Date "2023.02.12"]
[Round "6.40"]
[White "Zulfic, Fedja"]
[Black "Kalaiyalahan, Akshaya"]
[Result "1-0"]
[ECO "D30"]
[WhiteElo "2136"]
[BlackElo "2148"]
[Annotator "TA"]
[PlyCount "33"]
[EventDate "2022.10.20"]
[EventType "team-tourn"]
[EventCountry "ENG"]
[SourceTitle "playchess.com"]
[Source "ChessBase"]
[SourceQuality "1"]
[TimeControl "40/6000+30:2400+30"]

1. d4 Nf6 2. c4 e6 3. Nf3 d5 4. e3 Be7 5. Nbd2 O-O 6. Bd3 dxc4 {[%emt 0:02:11] D30: Queen's Gambit Declined: Systems without Nc3.} 7. Nxc4 c5 8. Nce5 cxd4 {[%emt 0:08:59] The position is equal.} 9. exd4 Bb4+ {[%emt 0:01:00] [#]} 10. Kf1 $146 ({Predecessor:} 10. Bd2 Bxd2+ 11. Qxd2 Bd7 12. O-O Bc6 13. Qf4 Bd5 14. a3 Nc6 15. Rad1 {½-½ Rozentalis,E-Kharitonov,A URS U26-ch Lvov 1985}) 10... b6 11. Bg5 {[%emt 0:07:12] Threatens to win with Be4.} Bb7 {[%emt 0:04:06] Prevents Be4.} 12. h4 Be7 {[%emt 0:19:53][%mdl 8192] [#] This move loses the game for Black.} ({Black should try} 12... Nbd7 $14) 13. Bxf6 $1 $18 gxf6 {[%emt 0:00:47] [#]} (13... Nd7 $142 14. Bxh7+ Kxh7) 14. Ng5 $1 {[%emt 0:05:27][%cal Od1h5][%mdl 512] Qh5! would kill now.} fxg5 (14... Bxg2+ 15. Kxg2) 15. Qh5 {[%emt 0:01:56][%csl Gd3][%cal Rh5h7] White mates.} h6 16. Qxh6 f5 17. hxg5 {[%emt 0:00:44] Artfully played by Zulfic.   Weighted Error Value: White=0.00 (flawless) /Black=0.86} 1-0

[Event "4NCL 2022-2023"]
[Site "Daventry"]
[Date "2023.02.12"]
[Round "6.41"]
[White "Murphy, Conor E"]
[Black "Speelman, Jon S"]
[Result "1-0"]
[ECO "B10"]
[WhiteElo "2431"]
[BlackElo "2500"]
[Annotator "TA"]
[PlyCount "105"]
[EventDate "2022.10.20"]
[EventType "team-tourn"]
[EventCountry "ENG"]
[SourceTitle "playchess.com"]
[Source "ChessBase"]
[SourceQuality "1"]
[TimeControl "40/6000+30:2400+30"]

1. e4 c6 2. Nf3 d5 3. d3 Qc7 4. Nc3 dxe4 5. dxe4 Bg4 6. h3 {[%emt 0:06:39] B10: Caro-Kann: 2 d3 and 2 c4.} Bh5 {[%emt 0:00:02] [#]} 7. Bc4 $146 (7. g4 $14 Bg6 8. h4) ({Predecessor:} 7. g4 Bg6 8. Bg2 Nd7 9. Qe2 e5 10. Be3 Ngf6 11. Nh4 Nc5 12. Nf5 O-O-O 13. O-O {1-0 Subelj,J (2426)-Cvitan,E (2255) Belgrade Serbia op 2021 (7)}) 7... e6 $11 8. Qe2 {[%emt 0:03:32] The position is equal.} Nd7 9. g4 Bg6 10. Nh4 Be7 {[%emt 0:08:55] Inhibits f4.} 11. Ng2 e5 (11... h6 $11) 12. h4 h5 13. g5 Bb4 14. Bd2 Ne7 15. a3 Bd6 16. Ne3 {[%emt 0:05:18] White is more active.} Nc5 17. f3 a5 (17... b5 $11) 18. O-O-O $14 O-O 19. a4 Rfd8 ({Better is} 19... Rad8 $14) 20. Ba2 $1 $16 Nc8 21. Nc4 $1 {[%emt 0:05:22] Be3 is the strong threat.} Bf8 $2 {[%emt 0:04:57] A mistake that costs the game.} (21... Nb6 $16) 22. Qh2 $18 Re8 23. f4 $1 {[%emt 0:01:52] And now f5 would win.} exf4 (23... Nxe4 24. Nxe5 Nxd2) 24. Bxf4 Qe7 25. Nd6 (25. Ne5 Kh7 26. Bg3) 25... Rd8 26. Nf5 Rxd1+ 27. Rxd1 Qe8 28. Bc7 $1 $36 {[%emt 0:02:08][%mdl 2048] White is on the roll.} Ne6 {[%emt 0:02:37] Repels Rd8} (28... Nd7 {is a better defense.} 29. Qd2 Nc5) 29. Qe5 $1 {[%emt 0:01:36][%cal Od1d8] Black must now prevent Rd8!} Nxc7 30. Qxc7 {[%emt 0:00:26] Threatens to win with Rd8.} Ne7 31. Nd6 {[%emt 0:03:30][%cal Bf5d6,Bd6b7,Bb7a5,Ba5c6][%mdl 32] A dynamic duo of knights.} Qb8 32. Qxb7 Qxb7 33. Nxb7 Nc8 $2 (33... Kh8 34. Rd6 Kh7) 34. Rd8 Nb6 35. Rxa8 Nxa8 36. Nxa5 Bd6 37. Nxc6 Bg3 38. Bd5 Nc7 39. b4 (39. Ne7+ Kf8 $18) 39... Bxh4 40. b5 ({Weaker is} 40. Ne7+ Kh7 41. Nxg6 Kxg6 $16) 40... Bxg5+ 41. Kd1 {[%emt 0:00:00] Hoping for b6.} Nxd5 (41... h4 $142 42. b6 Na6) 42. exd5 {[%emt 0:21:40][%mdl 4096] Endgame KBB-KNN} (42. Nxd5 Bxe4 43. Nc3 Bg2 $17) 42... h4 43. Ke1 Bh5 44. Kf2 Bf4 45. Ne2 $2 (45. b6) 45... Bxe2 $2 (45... Bd6) 46. Kxe2 {[%emt 0:00:12] b6 would kill now. KB-KN} h3 {[%emt 0:00:08] [#]} 47. Kf1 $1 g5 48. b6 {[%emt 0:01:21] Threatening mate with a5.} g4 {[%emt 0:00:05] [#]} 49. b7 $1 {[%emt 0:00:24] White mates.} g3 50. b8=Q+ (50. b8=B g2+ 51. Kf2 Be3+ 52. Kxe3 g1=Q+ 53. Kd3 Qf1+ 54. Kd4 f5 55. Ne7+ Kf7 56. Nxf5 Qxf5 $19) 50... Bxb8 51. Nxb8 f5 52. Nc6 f4 53. Nd4 {[%emt 0:00:00] Weighted Error Value: White=0.32/Black=0.60} 1-0

[Event "4NCL 2022-2023"]
[Site "Daventry"]
[Date "2023.02.12"]
[Round "6.42"]
[White "Wadsworth, Matthew J"]
[Black "Bisby, Daniel L"]
[Result "1/2-1/2"]
[ECO "E61"]
[WhiteElo "2469"]
[BlackElo "2277"]
[Annotator "TA"]
[PlyCount "82"]
[EventDate "2022.10.20"]
[EventType "team-tourn"]
[EventCountry "ENG"]
[SourceTitle "playchess.com"]
[Source "ChessBase"]
[SourceQuality "1"]
[TimeControl "40/6000+30:2400+30"]

1. c4 Nf6 2. g3 g6 3. Bg2 Bg7 4. Nc3 O-O 5. d4 d6 6. h3 c5 7. e3 Nc6 8. Nge2 Bd7 9. O-O a6 10. b3 {[%emt 0:07:03] E61: King's Indian: Early deviations for White, including Smyslov System.} Rb8 11. a4 Nb4 12. e4 Qc8 13. Kh2 {[%emt 0:05:24] [#]} ({Much weaker is} 13. e5 dxe5 14. dxe5 Nh5 $15) 13... b5 $146 ({Predecessor:} 13... Ne8 14. Be3 b6 15. Qd2 f5 16. Rad1 Nc6 17. exf5 Rxf5 18. Ne4 Nf6 19. Nxf6+ Rxf6 {0-1 Heino,H-Harestad,T WchT Students 19th final B 1972 (4.3)}) 14. axb5 axb5 15. e5 Ne8 (15... Nh5 {feels hotter.} 16. exd6 bxc4 17. dxe7 Re8) 16. exd6 (16. Nxb5 $14 Bxb5 17. cxb5) 16... Nxd6 17. dxc5 Qxc5 18. Be3 Qc8 19. c5 (19. Ba7 $11 Rb7 20. Bxb7 Nxb7 21. Rc1) 19... Nf5 $17 20. Bf4 e5 21. Bd2 Bc6 (21... Qxc5 $2 22. Ne4 Qe7 23. Bxb4 Qxb4 24. Qxd7 $18) 22. Ne4 {[%emt 0:01:52] [#]} Rd8 $1 23. Bxb4 {[%emt 0:08:06] Hoping for Qb1.} Rxd1 24. Rfxd1 Ra8 {[%emt 0:07:27] ...Rxa1 would be deadly.} 25. N2c3 (25. Nd6 $17 {was worth a try.} Nxd6 26. cxd6 Rxa1 27. Rxa1 Bxg2 28. Kxg2) 25... Rxa1 $19 {[%emt 0:02:22][%mdl 64] Deflection} 26. Rxa1 Nd4 27. Nd6 {[%emt 0:07:58] [#]} Qe6 28. Bxc6 $2 (28. Ra6 Bxg2 29. Kxg2) 28... Nxc6 29. Ra8+ Bf8 30. Ba3 b4 ({Stronger than} 30... Qxb3 31. Bc1 g5 32. Bxg5 $11) 31. Bc1 {[%emt 0:00:03][%cal Oc1h6] Threatening mate with Bh6!} g5 $2 (31... bxc3 $19 32. Bh6 Qe7) 32. Nce4 $11 h6 {[%emt 0:02:57] Strongly threatening ...f5.} 33. g4 Nd4 $2 (33... f6 $1 $11) 34. Be3 $18 f5 $2 (34... Nxb3 $2 35. c6 Nd4 36. Bxd4 exd4 37. Re8 $18) (34... Nf3+ 35. Kg3 Nd4) 35. Re8 $2 (35. gxf5 $18 {Threatens to win with Bxd4.} Qe7 36. f6) 35... Qxb3 $2 (35... Nf3+ $1 $11 {and Black is okay.} 36. Kg3 f4+ 37. Kxf3 Qxb3 {[%mdl 64] Pin}) 36. gxf5 {[%emt 0:01:24] And now Rc8 would win.} Nf3+ $2 (36... Qc2) 37. Kg3 {[%emt 0:00:41] c6 is the strong threat.} Qd1 $2 (37... Nd4 38. Rc8 Nxf5+ 39. Nxf5 Qb1) 38. Nf6+ Kg7 39. Nh5+ {[%emt 0:00:34] Excellent horsemanship.} Kg8 40. Nf6+ Kg7 {[%emt 0:00:14] ( -> ...Ne1)} 41. Nh5+ Kg8 {[%emt 0:40:30][%mdl 32768] An exciting game.   Weighted Error Value: White=0.51/Black=0.58. An unexpected result.} 1/2-1/2

[Event "4NCL 2022-2023"]
[Site "Daventry"]
[Date "2023.02.12"]
[Round "6.43"]
[White "McClement, Andrew"]
[Black "Harvey, Marcus R"]
[Result "1/2-1/2"]
[ECO "E17"]
[WhiteElo "2210"]
[BlackElo "2471"]
[Annotator "TA"]
[PlyCount "56"]
[EventDate "2022.10.20"]
[EventType "team-tourn"]
[EventCountry "ENG"]
[SourceTitle "playchess.com"]
[Source "ChessBase"]
[SourceQuality "1"]
[TimeControl "40/6000+30:2400+30"]

1. Nf3 b6 2. g3 Bb7 3. Bg2 d5 4. O-O Nf6 5. c4 e6 6. d4 Be7 7. Qa4+ {[%emt 0:07:50] 7.cxd5 is becoming the main line.} c6 {[%emt 0:03:58] E17: Queen's Indian: 4 g3 Bb7 5 Bg2 Be7.} 8. cxd5 exd5 9. Rd1 O-O {[%emt 0:00:46] The position is equal.} 10. Nc3 {[%emt 0:00:46] [#]} b5 $146 ({Predecessor:} 10... Re8 11. Ne5 Bd6 12. Nd3 Ne4 13. Nxe4 dxe4 14. Ne5 Bxe5 15. dxe5 Qe7 16. Qxe4 Nd7 {1-0 Pogromsky,M (2411)-Djachkov,S (2358) Stone Flower 14th 2013 (6)}) 11. Qc2 Nbd7 12. b3 Re8 13. Bb2 a5 14. Rac1 (14. Ne5 {is interesting.} a4 15. Rac1 a3 16. Ba1) 14... a4 15. Ne5 axb3 16. axb3 Bd6 17. Nxd7 Qxd7 18. e4 {[%emt 0:01:29] [#] e5 is the strong threat.} dxe4 ({Resist} 18... b4 19. Na4 dxe4 20. Nb6 $16) (18... Be7 $11 {keeps the balance.}) 19. Nxe4 $16 Nd5 20. Nc5 Bxc5 21. dxc5 Qe6 22. Qd2 {[%emt 0:04:52] Strongly threatening Bxd5.} Rad8 23. Re1 Qd7 24. Qg5 {[%emt 0:04:18][%csl Gb2][%cal Rg5g7] [#] White is more active.} f6 25. Bxd5+ Qxd5 26. Bxf6 Qxg5 27. Bxg5 Rxe1+ 28. Rxe1 Rd5 {[%emt 0:01:18] Weighted Error Value: White=0.08 (flawless) /Black=0.10 (very precise)} 1/2-1/2

[Event "4NCL 2022-2023"]
[Site "Daventry"]
[Date "2023.02.12"]
[Round "6.44"]
[White "McDonald, Neil"]
[Black "Robertson, J Stuart"]
[Result "1-0"]
[ECO "B33"]
[WhiteElo "2408"]
[BlackElo "2155"]
[Annotator "TA"]
[PlyCount "61"]
[EventDate "2022.10.20"]
[EventType "team-tourn"]
[EventCountry "ENG"]
[SourceTitle "playchess.com"]
[Source "ChessBase"]
[SourceQuality "1"]
[TimeControl "40/6000+30:2400+30"]

1. e4 c5 2. Nf3 Nc6 3. d4 cxd4 4. Nxd4 Nf6 5. Nc3 e5 6. Ndb5 d6 7. Bg5 a6 8. Na3 b5 9. Nd5 Be7 10. Bxf6 Bxf6 11. c4 b4 $1 {[%emt 0:00:06] B33: Sicilian: Pelikan and Sveshnikov Variations.} 12. Nc2 O-O 13. g3 Be6 {[%emt 0:01:18] The position is equal.} 14. Bg2 Bxd5 15. cxd5 Nd4 16. O-O {[%emt 0:00:49] [#]} Qd7 $146 ({Predecessor:} 16... Nxc2 17. Qxc2 Bg5 18. h4 Bh6 19. a3 a5 20. axb4 axb4 21. Bh3 Ra5 {½-½ Jakovenko,D (2719)-Giri,A (2797) Shenzhen Du Te Cup 3rd 2019 (4)}) 17. Nxd4 exd4 18. Rc1 Rfc8 {[%emt 0:08:52] [#]} 19. Rc6 $1 Rxc6 (19... a5 20. Qd3) 20. dxc6 Qe6 (20... Qxc6 $2 21. e5 d5 22. exf6 $18) (20... Qc7 $16) 21. Qa4 $18 a5 22. Qb5 {[%emt 0:13:20][%cal Oe4e5] e5! would be deadly.} d3 (22... Kf8 {was worth a try.} 23. b3 Bd8) 23. Rd1 (23. Qxd3 $6 Bxb2 24. Rd1 g6 $16) 23... Bxb2 24. Rxd3 {[%emt 0:01:05] aiming for c7.} ({Don't play} 24. Qxd3 $6 g6 $16) 24... g6 {[%emt 0:06:08] Black is weak on the light squares} (24... Qxa2 $2 25. c7 Rf8 26. Qc6 $18) 25. Qb7 Re8 {[%emt 0:03:50] [#]} (25... Rf8 26. Rd5 Kg7) 26. e5 $1 {[%emt 0:05:52][%mdl 512] White is clearly winning.} Bxe5 27. Bd5 Qe7 28. Rf3 Qxb7 29. cxb7 Kh8 30. Rxf7 {[%emt 0:01:25] Rc7 would kill now.} Bd4 31. Rc7 {[%emt 0:02:30] Weighted Error Value: White=0.04 (flawless) /Black=0.47} 1-0

[Event "4NCL 2022-2023"]
[Site "Daventry"]
[Date "2023.02.12"]
[Round "6.45"]
[White "Gallagher, Daniel GH"]
[Black "Greet, Andrew N"]
[Result "0-1"]
[ECO "C11"]
[WhiteElo "2218"]
[BlackElo "2408"]
[Annotator "TA"]
[PlyCount "54"]
[EventDate "2022.10.20"]
[EventType "team-tourn"]
[EventCountry "ENG"]
[SourceTitle "playchess.com"]
[Source "ChessBase"]
[SourceQuality "1"]
[TimeControl "40/6000+30:2400+30"]

1. e4 {[%emt 0:00:11][%cal Be2e4,Be4e5][%mdl 32] Finkel,Alexander} e6 2. d4 d5 3. Nc3 Nf6 4. e5 Nfd7 5. f4 c5 6. Nf3 Nc6 7. Be3 a6 8. a3 cxd4 9. Nxd4 Bc5 10. Qd2 O-O 11. O-O-O Nxd4 {[%emt 0:10:00] C11: French: Classical System: 4 e5 and 4 Bg5 dxe4.} 12. Bxd4 b5 13. Bxc5 Nxc5 {[%emt 0:00:06] The position is equal.} 14. Qd4 Qc7 15. h4 Bd7 16. f5 {[%emt 0:14:34] [#]} Rac8 $146 ({Predecessor:} 16... Rfc8 17. f6 gxf6 18. exf6 Kh8 19. Kb1 Rab8 20. Be2 a5 21. Bh5 b4 22. Bxf7 e5 {0-1 Apicella,M (2508)-Gurevich,M (2688) Clichy 2001 (7)}) 17. Kb1 {[%emt 0:27:32] [#]} Na4 (17... Ne4 $1 $17 18. f6 (18. Nxe4 dxe4 19. Rd2 Bc6 $17) 18... Nxc3+ 19. bxc3 Qxc3 20. Qxc3 Rxc3) 18. Rh3 $15 exf5 {[%emt 0:00:18][%cal Of5f4] Threatens to win with ...f4!} 19. Rd2 Be6 (19... Nb6 $15) 20. Nxa4 $14 bxa4 21. Bxa6 {[%emt 0:05:10] Hoping for Rc3.} Rb8 22. Bd3 Rb6 23. Rf3 Rfb8 {[%emt 0:00:48] ...Rxb2+ would be deadly.} 24. c3 g6 (24... h5 $14) 25. h5 $1 $16 Qe7 26. hxg6 hxg6 27. Ka1 $2 {[%emt 0:04:09][%mdl 8192] [#]} ({Worse is} 27. Qxa4 Bd7 28. Qa5 (28. Qa7 $2 Qd8 $19) 28... Qxe5 $17) (27. Kc1 $16) 27... Rxb2 $3 {[%emt 0:01:18][%mdl 576] Remove Defender, Decoy, Back Rank.   Weighted Error Value: White=0.34/Black=0.21 (precise)} 0-1

[Event "4NCL 2022-2023"]
[Site "Daventry"]
[Date "2023.02.12"]
[Round "6.46"]
[White "Fitzsimons, David"]
[Black "Lee, Richard W Y"]
[Result "1-0"]
[ECO "C02"]
[WhiteElo "2342"]
[BlackElo "2111"]
[Annotator "TA"]
[PlyCount "53"]
[EventDate "2022.10.20"]
[EventType "team-tourn"]
[EventCountry "ENG"]
[SourceTitle "playchess.com"]
[Source "ChessBase"]
[SourceQuality "1"]
[TimeControl "40/6000+30:2400+30"]

1. e4 e6 2. d4 d5 3. e5 c5 4. c3 Qb6 5. Nf3 Bd7 6. Be2 cxd4 7. cxd4 Bb5 8. Nc3 Bxe2 {[%emt 0:00:25] C02: French: Advance Variation.} 9. Nxe2 Ne7 {[%emt 0:01:12] was the old line (9...Bb4+).} 10. h4 h5 {[%emt 0:11:12] The position is equal.} 11. Ng3 {[%emt 0:24:16] [#]} Qa6 $146 ({Predecessor:} 11... g6 12. O-O Nf5 13. Nxf5 gxf5 14. Bg5 Be7 15. Bxe7 Kxe7 16. Qd2 Nc6 17. Rfd1 Rag8 {½-½ Krivec,J (2292)-Rozic,V (2178) SLO-ch (Women) 2004 (5)}) 12. a3 Nbc6 13. Be3 g6 14. Ng5 Bh6 15. Qf3 Bxg5 16. Bxg5 Qb5 17. O-O-O Nf5 18. Nxf5 gxf5 {[%emt 0:00:00] Black is weak on the dark squares} 19. Kb1 a5 20. Rd3 a4 21. Rc1 Na5 (21... Rc8 $14) 22. Rc5 $16 {[%emt 0:00:41] White is more active.} Qd7 {[%emt 0:00:00][%mdl 8192] [#] Loses the game.} (22... Qa6 $16) 23. Bf6 $18 Rh6 24. Qf4 Rg6 25. Rg3 {[%emt 0:00:24][%cal Of4h6] Black must now prevent Qh6!} ({Stronger than} 25. Qf3 Rg4 $11) 25... Nc6 $2 {[%emt 0:00:00] [#]} (25... b6 26. Qh6 {[%mdl 64] Double Attack} Qb7 27. Rxg6 (27. Qxh5 $2 {perishes.} bxc5 28. Rxg6 fxg6 $19) 27... bxc5 28. Rg8+ Kd7 29. Rxa8 Qxa8 30. Qxh5 (30. dxc5 Qa6 $11) 30... Qf8 31. dxc5 Nb3) 26. Qh6 $3 {[%emt 0:00:39][%mdl 576] Intending Qh8+ and mate. Deflection, Back Rank} Rxh6 (26... Qc7 27. Rxg6) 27. Rg8# {[%emt 0:00:07] A superb game by Fitzsimons.   Weighted Error Value: White=0.01 (flawless) /Black=0.59} 1-0

[Event "4NCL 2022-2023"]
[Site "Daventry"]
[Date "2023.02.12"]
[Round "6.47"]
[White "Hill, Alistair"]
[Black "Toma, Katarzyna"]
[Result "0-1"]
[ECO "B51"]
[WhiteElo "2173"]
[BlackElo "2231"]
[Annotator "TA"]
[PlyCount "76"]
[EventDate "2022.10.20"]
[EventType "team-tourn"]
[EventCountry "ENG"]
[SourceTitle "playchess.com"]
[Source "ChessBase"]
[SourceQuality "1"]
[TimeControl "40/6000+30:2400+30"]

1. e4 c5 2. Nf3 Nc6 3. Bb5 d6 4. O-O Bd7 5. Re1 e5 6. c3 a6 7. Bxc6 Bxc6 8. d4 {[%emt 0:00:04] B51: Sicilian: Moscow Variation (3 Bb5+) without 3...Bd7.} Qc7 9. dxe5 {[%emt 0:02:19] has lost popularity (9.Nbd2).} dxe5 10. c4 {[%emt 0:00:04] White has an edge.} Rd8 11. Qc2 Bd6 12. Nc3 Ne7 {[%emt 0:00:36] [#]} 13. Bg5 $146 (13. Nd5 $5 Qb8 14. Be3 $14) ({Predecessor:} 13. Nd2 O-O 14. Nf1 f5 15. Ne3 f4 16. Ned5 Qd7 17. Nxe7+ Qxe7 18. f3 g5 19. Nd5 {0-1 Khouseinov,R-Irzhanov,R (2430) Olympiad-31 Moscow 1994 (5.4)}) 13... f6 14. Be3 O-O 15. Rac1 b6 16. h4 Qb7 17. Rcd1 Be8 18. Nh2 Nc6 19. Nd5 Nd4 20. Qd3 Rb8 (20... b5 {seems wilder.} 21. b4 bxc4 22. Qxc4 Bb5) 21. Nf1 f5 22. exf5 Nxf5 23. Bg5 ({White should try} 23. Ng3 $11 Nxg3 24. fxg3) 23... Nd4 $15 24. Ng3 Bg6 (24... Qf7 25. Ne4 $16) 25. Ne4 {[%emt 0:00:26][%cal Oe4d6] A dynamic duo of knights.} Qf7 $36 {[%emt 0:01:41][%mdl 2048] Black has good play.} 26. Qg3 Bxe4 27. Rxe4 Nf5 (27... b5 $142 28. b3 bxc4 29. bxc4 Rb2) 28. Qg4 Kh8 29. b3 b5 30. Ne3 ({Better is} 30. f4 $11 Rbe8 31. Rde1) 30... Nd4 {[%emt 0:00:58] Threatens to win with ...h5.} 31. Rf1 $2 (31. h5 $1 $15) 31... h6 $19 32. f4 exf4 ({Stronger than} 32... hxg5 33. fxe5 Qg6 34. exd6 $11) 33. Bxf4 Bxf4 34. Rfxf4 {[%emt 0:01:49] [#]} Qxf4 35. Rxf4 Rxf4 36. Qh5 bxc4 (36... Rbf8 $1 $19 {and Black stays clearly on top. aiming for ...Re4.} 37. Ng4 (37. cxb5 $2 axb5 38. g3 Rf2 $19) 37... R8f5 38. Qe8+ Kh7) 37. Nxc4 $17 {[%emt 0:00:19] [#]} Nf5 {[%emt 0:03:02] Black is more active.} (37... Rf5 $1 $17 38. Qg4 Rbf8) 38. Ne5 $2 {[%emt 0:00:45][%mdl 8192] [#]} (38. Qe2 $11 Nxh4 39. Ne5) 38... Rf1+ $3 {[%emt 0:00:35][%mdl 576] Decoy. A superb game by Toma.   Weighted Error Value: White=0.40/Black=0.24 (precise)} 0-1